 Dungeon Crawl Stone Soup version 0.19.5 (webtiles) character file.

1065 Shoikan the Basher (level 8, -8/70 HPs)
             Began as a Minotaur Berserker on Mar 14, 2017.
             Was a Priest of Trog.
             Killed from afar by a hound zombie (11 damage)
             ... with an exploding inner flame
             ... hexed by the player character
             ... in an ossuary on Mar 15, 2017.
             The game lasted 00:31:44 (4940 turns).

Shoikan the Basher (Minotaur Berserker)             Turns: 4940, Time: 00:31:46

Health: -8/70      AC: 12    Str: 22    XL:     8   Next: 6%
Magic:  7/7        EV:  7    Int:  4    God:    Trog [***...]
Gold:   196        SH:  8    Dex: 12    Spells: 0 memorised, 7 levels left

rFire  + . .     SeeInvis .     H - +0 morningstar
rCold  x . .     Gourm    .     I - +0 chain mail
rNeg   . . .     Faith    .     g - +0 shield (curse)
rPois  .         Spirit   .     (helmet restricted)
rElec  .         Reflect  .     p - +0 cloak
rCorr  .         Harm     .     b - +0 pair of gloves
MR     .....                    (no boots)
Stlth  ..........               (no amulet)
                                (no ring)
                                t - ring of fire

@: exhausted
A: retaliatory headbutt, horns 2
a: Berserk, Trog's Hand, Burn Spellbooks, Renounce Religion


You were in an ossuary.
You worshipped Trog.
Trog was most pleased with you.
You were hungry.

You visited 1 branch of the dungeon, and saw 6 of its levels.
You also visited: Ossuary.

You collected 196 gold pieces.

Inventory:

Hand Weapons
 A - a +0 flail
 E - a +1 flail of protection
 H - a +0 morningstar (weapon)
Armour
 b - a +0 pair of gloves (worn)
 g - a cursed +0 shield (worn)
 p - a +0 cloak (worn)
 u - a +1 leather armour of cold resistance
 I - a +0 chain mail (worn)
Jewellery
 t - a ring of fire (left hand)
 F - an uncursed ring of protection from cold {unknown}
Scrolls
 a - a scroll of enchant armour {unknown}
 j - a scroll of fog {unknown}
 k - 3 scrolls of magic mapping
 l - 3 scrolls of remove curse
 m - a scroll of noise {unknown}
 w - a scroll of immolation
 y - a scroll of amnesia {unknown}
 z - 2 scrolls of enchant weapon {unknown}
 G - a scroll of teleportation
Potions
 e - a potion of lignification {unknown}
 f - a potion of brilliance {unknown}
 h - a potion of flight {unknown}
 i - 2 potions of cure mutation
 o - 3 potions of might {unknown}
 q - a potion of degeneration {unknown}
 r - a potion of agility {unknown}
 s - 2 potions of curing
 v - 2 potions of heal wounds
 x - a potion of cancellation {unknown}
 D - a potion of mutation {unknown}
Comestibles
 c - 7 bread rations
 n - 2 meat rations
 B - a royal jelly
 C - 5 fruits


   Skills:
 + Level 6.2 Fighting
 + Level 8.2 Maces & Flails
 + Level 4.9 Armour
 + Level 4.8 Dodging
 - Level 0.1 Stealth
 + Level 1.7 Shields


You had 7 spell levels left.
You didn't know any spells.

Dungeon Overview and Level Annotations

Branches:
Dungeon (6/15)
 Temple: D:4-7

Altars:
Ashenzari
Elyvilon
Hepliaklqana
Nemelex Xobeh
Trog
Vehumet
Xom
Zin

Annotations:
D:4 sankara's ghost, novice MiGl


Innate Abilities, Weirdness & Mutations

You reflexively headbutt those who attack you in melee.
You have a pair of horns on your head.


Message History

The fiery explosion engulfs the human zombie.
The human zombie is severely damaged.
Trog accepts your kill. x2
The fiery explosion engulfs the kobold zombie.
The kobold zombie explodes!
The fiery explosion engulfs the elf zombie.
The elf zombie is almost destroyed.
The fiery explosion engulfs the gnoll zombie.
The gnoll zombie explodes!
The fiery explosion engulfs the elf zombie.
The elf zombie explodes!
Trog accepts your kill.
You have reached level 8!
You feel stronger. Trog accepts your kill. x3
The fiery explosion engulfs you! You resist.
* * * LOW HITPOINT WARNING * * *
Trog accepts your kill. The fiery explosion engulfs you! You resist.
You die...

..... .....
..... .....
.....#####.....
...............
...............
.......§.§.....
.....§ZZ§§.....
....§§§@§§.....
....§§§§§§.....
....§§§§§§.....
......§§§§.....
.......§.§.....
...............
...............
...............
...............


You could see an adder zombie (inner flame) and a human zombie (inner flame).

Vanquished Creatures
  Sigmund (D:4)
  Edmund (D:6)
  Duvessa (D:4)
  An elf zombie (Ossuary)
  Dowan (D:4)
  A scorpion (D:4)
  2 howler monkeys
  An orc priest (D:3)
  Terence (D:2)
  3 orc wizards (D:5)
  3 worker ants
  4 adders
  8 gnolls (D:4)
  A shadow imp (D:5)
  4 worms
  An adder skeleton (D:4)
  3 dart slugs
  A leopard gecko (D:5)
  6 orcs
  4 bats
  10 giant cockroaches
  A gnoll zombie (Ossuary)
  10 goblins
  6 hobgoblins
  3 jackals (D:2)
  3 frilled lizards
  A goblin zombie (Ossuary)
  A jackal zombie (Ossuary)
  5 kobolds
  A kobold zombie (Ossuary)
  9 rats
  2 rat zombies (Ossuary)
100 creatures vanquished.

Vanquished Creatures (others)
  A jackal (D:2)
1 creature vanquished.

Grand Total: 101 creatures vanquished

Notes
Turn   | Place    | Note
-------+----------+-------------------------------------------
     0 | D:1      | Shoikan the Minotaur Berserker began the quest for the Orb.
     0 | D:1      | Reached XP level 1. HP: 19/19 MP: 0/0
   370 | D:1      | Reached skill level 4 in Maces & Flails
   386 | D:1      | Reached XP level 2. HP: 27/27 MP: 1/1
   660 | D:2      | Found a shattered altar of Ashenzari.
   679 | D:2      | Noticed Terence
   685 | D:2      | Killed Terence
   685 | D:2      | Reached XP level 3. HP: 33/33 MP: 2/2
   912 | D:2      | Reached ** piety under Trog
   973 | D:2      | Found a white marble altar of Elyvilon.
  1011 | D:2      | Reached XP level 4. HP: 41/41 MP: 3/3
  1023 | D:2      | Found a radiant altar of Vehumet.
  1464 | D:3      | Reached skill level 5 in Maces & Flails
  1715 | D:3      | Noticed a moth of wrath
  1718 | D:3      | Found a bloodstained altar of Trog.
  1743 | D:3      | Reached XP level 5. HP: 31/47 MP: 4/4
  2162 | D:4      | Found a shimmering altar of Xom.
  2215 | D:4      | Noticed Sigmund
  2222 | D:4      | Killed Sigmund
  2222 | D:4      | Reached skill level 5 in Fighting
  2222 | D:4      | Reached skill level 6 in Maces & Flails
  2222 | D:4      | Reached XP level 6. HP: 56/56 MP: 5/5
  2320 | D:4      | Noticed Dowan
  2321 | D:4      | Noticed Duvessa
  2328 | D:4      | Killed Duvessa
  2340 | D:4      | Killed Dowan
  2340 | D:4      | Reached skill level 7 in Maces & Flails
  2723 | D:4      | Reached XP level 7. HP: 25/61 MP: 6/6
  3024 | D:4      | Reached *** piety under Trog
  3232 | D:4      | Noticed sankara's ghost (novice MiGl)
  3797 | D:5      | Entered Level 5 of the Dungeon
  3934 | D:5      | Reached skill level 1 in Shields
  4550 | D:5      | Found a hazy altar of Hepliaklqana.
  4552 | D:5      | Found a sparkling altar of Nemelex Xobeh.
  4554 | D:5      | Found a glowing silver altar of Zin.
  4888 | D:6      | Noticed Edmund
  4896 | D:6      | Killed Edmund
  4896 | D:6      | Reached skill level 8 in Maces & Flails
  4927 | D:6      | Found a sand-covered staircase.
  4932 | Ossuary  | Entered an ossuary
  4940 | Ossuary  | Reached XP level 8. HP: 26/70 MP: 7/7
  4940 | Ossuary  | HP: 3/70 [jackal zombie/exploding inner flame[the player character] (23)]
  4940 | Ossuary  | Killed from afar by a hound zombie

Skill      XL: |  1  2  3  4  5  6  7 |
---------------+----------------------+-----
Maces & Flails | 4 5 6 7 8 |  8.2
Fighting       | 4 5 6 |  6.2
Armour         | 3 4 |  4.9
Dodging        | 3 4 |  4.8
Shields        | 1 |  1.7
Stealth        | |  0.1

Action                   |  1- 3 |  4- 6 |  7- 9 || total
-------------------------+-------+-------+-------++-------
Melee: Mace              |    58 |   116 |     3 ||   177
       Headbutt          |     9 |    15 |    18 ||    42
       Flail             |       |       |    79 ||    79
       Morningstar       |       |       |    15 ||    15
Invok: Berserk           |     1 |     2 |     1 ||     4
       Burn Spellbooks   |       |     1 |       ||     1
  Use: Scroll            |     1 |     2 |     5 ||     8
       Potion            |       |       |     2 ||     2
 Stab: Sleeping          |       |     1 |       ||     1
  Eat: Chunk             |     1 |     7 |     7 ||    15
       Fruit             |       |       |     1 ||     1
Armor: Animal skin       |     1 |       |       ||     1
       Scale mail        |     8 |    40 |       ||    48
       Leather armour    |       |    13 |    20 ||    33
       Chain mail        |       |       |    13 ||    13
Dodge: Dodged            |    36 |    61 |    49 ||   146
Block: Shield            |       |     1 |    43 ||    44
